 Dungeon Crawl Stone Soup version 0.29-a0-1047-g7c58e119a4 (webtiles) character file.

Game seed: 4045229958116204047

5000 purpskrrrp the Fighter (level 10, -4/84 (106) HPs)
             Began as an Ogre Abyssal Knight on Aug 17, 2022.
             Was a High Priest of Lugonu.
             Slain by a wight
             ... wielding a +0 scimitar
              (6 damage)
             ... on level 8 of the Dungeon.
             The game lasted 00:30:19 (11040 turns).

purpskrrrp the Fighter (Ogre Abyssal Knight)       Turns: 11040, Time: 00:30:20

HP:   -4/84 (106)   AC: 17    Str: 29    XL:     10   Next: 54%
MP:   0/14          EV:  4    Int: 11    God:    Lugonu [*****.]
Gold: 479           SH:  0    Dex:  9    Spells: 9/9 levels left

rFire   + . .      SeeInvis .   y - +1 giant spiked club (flame)
rCold   + . .      Faith    .   (shield currently unavailable)
rNeg    . . .      Spirit   +   h - +1 gold dragon scales
rPois   +          Reflect  .   (helmet restricted)
rElec   .          Harm     .   s - +0 cloak
rCorr   .          Rampage  .   (gloves unavailable)
Will    ++...                   (boots unavailable)
Stlth   ..........              u - amulet of guardian spirit
HPRegen 0.24/turn               g - +6 ring of strength
MPRegen 0.14/turn               j - ring of poison resistance

@: heavily drained
A: large, unfitting armour, tough skin 1, hooves 1, strong-willed 1
a: Renounce Religion, Depart the Abyss, Bend Space, Banish, Corrupt, Enter the
Abyss


You were on level 8 of the Dungeon.
You worshipped Lugonu.
Lugonu was extremely pleased with you.
You visited 1 branch of the dungeon, and saw 8 of its levels.
You visited the Abyss 1 time.
You also visited: Sewer.

You collected 479 gold pieces.

Inventory:

Hand Weapons
 a - a +1 mace of chaos
 d - a +2 glaive of flaming
 l - a +2 falchion of holy wrath
 y - a +1 giant spiked club of flaming (weapon)
 D - a +0 battleaxe
 F - a +0 whip of freezing
Missiles
 n - 4 datura-tipped darts
 r - 2 large rocks
 t - 21 poisoned darts
 x - a throwing net (quivered)
Armour
 b - a +0 robe
 h - +1 gold dragon scales (worn)
 s - a +0 cloak (worn)
Jewellery
 g - a +6 ring of strength (left hand)
 j - a ring of poison resistance (right hand)
 o - a ring of ice
 u - an amulet of guardian spirit (around neck)
 G - a ring of magical power
 K - a ring of resist corrosion
Wands
 m - a wand of roots (9)
 q - a wand of charming (16)
Scrolls
 c - 4 scrolls of teleportation
 p - 2 scrolls of vulnerability
 z - a scroll of magic mapping
 B - 2 scrolls of poison
 E - a scroll of immolation
Potions
 e - 2 potions of haste
 i - a potion of ambrosia
 k - 2 potions of brilliance
 v - a potion of attraction
 w - a potion of magic
 A - a potion of invisibility
 C - a potion of cancellation
 H - a potion of lignification


   Skills:
 + Level 8.4 Fighting
 * Level 6.6 Maces & Flails
 + Level 4.0 Throwing
 * Level 4.8 Armour
 + Level 5.5 Dodging
 + Level 5.0 Unarmed Combat
 + Level 6.5 Invocations


You had 9 spell levels left.
You didn't know any spells.
Your spell library contained the following spells:

 Spells                   Type           Power      Damage    Failure   Level
 Apportation              Tloc           0%         N/A       100%        1
 Magic Dart               Conj           0%         1d3       100%        1
 Slow                     Hex            0%         N/A       100%        1
 Call Imp                 Summ           0%         N/A       100%        2
 Confusing Touch          Hex            0%         N/A       100%        3
 Mephitic Cloud           Conj/Pois/Air  0%         N/A       100%        3
 Vampiric Draining        Necr           0%         2d6       100%        3
 Alistair's Intoxication  Tmut/Pois      0%         N/A       100%        5


Dungeon Overview and Level Annotations

Branches:
Dungeon (8/15)             Temple (0/1) D:4           Sewer (visited)
   Lair: D:8-11

Altars:
Ashenzari
Dithmenos
Elyvilon
Kikubaaqudgha
Nemelex Xobeh
Okawaru
Sif Muna
Trog
Vehumet
Yredelemnul


Innate Abilities, Weirdness & Mutations

You are too large for most types of armour.
You have tough skin. (AC +1)
You have large cloven feet.
You are strong-willed. (Will+)


Message History

The centaur unwields a +0 shortbow.
The centaur barely misses you.
The centaur kicks you but does no damage.
You closely miss the wight. You kick the wight!
The wight is heavily damaged.
The centaur hits you but does no damage.
The centaur completely misses you. The wight barely misses you.
The centaur hits you but does no damage.
The centaur barely misses you. The wight hits you but does no damage.
You impale the wight!! You burn the wight.
You destroy the wight!
Lugonu accepts your kill. The centaur barely misses you.
The centaur kicks you but does no damage.
The centaur barely misses you.
The centaur kicks you but does no damage.
The centaur hits you but does no damage.
The centaur barely misses you.
Your Unarmed Combat skill increases to level 5!
You closely miss the wight.
The centaur hits you but does no damage.
The centaur kicks you. The wight hits you with a +0 war axe.
The centaur barely misses you.
The centaur kicks you but does no damage.
The wight hits you but does no damage.
You barely miss the two-headed ogre.
The centaur hits you but does no damage.
The centaur barely misses you.
The two-headed ogre hits you with a +0 giant spiked club!! x2
* * * LOW HITPOINT WARNING * * *
The wight hits you with a +0 scimitar.
* * * LOW HITPOINT WARNING * * *
The wight hits you but does no damage. The centaur hits you.
* * * LOW HITPOINT WARNING * * *
The centaur kicks you but does no damage.
You are too injured to fight recklessly!
As you read the scroll of butterflies, it crumbles to dust.
You hear the tinkle of a tiny bell.
The centaur hits you but does no damage.
The centaur barely misses you. The wight hits you with a +0 scimitar.
You die...

# ##########.# #
#..........##.. #
#..........##.### .
####..........##... ..
..............##.# ...
####..........#..###....
#..........bbbbb.....
#..........bbbzb..###
#..........bb@Ob<....
#########.#bbzcb...##
#..bbbbb.....
###........## ####.###.#
.# # .# .#


You could see a two-headed ogre (ally target), a centaur (ally target) and 2
wights.

Vanquished Creatures
  Pikel (D:6)
  Prince Ribbit (D:6)
  A wyvern (D:7)
  Eustachio (D:5)
  A steam dragon (D:6)
  Menkaure (D:7)
  3 water moccasins
  An acid dragon (D:8)
  3 ice beasts
  A black bear (D:6)
  An orc warrior (D:8)
  2 sky beasts
  Pargi (Sewer)
  An ogre (D:5)
  A centaur (D:7)
  2 phantoms
  2 kobold brigands
  2 necrophages
  3 bullfrogs
  8 scorpions
  11 wights
  3 electric eels (D:6)
  4 hounds
  A jelly (D:6)
  3 gnoll boudas
  2 orc priests
  4 iguanas
  2 orc wizards
  8 adders
  15 gnolls
  An ufetubus (D:6)
  3 dart slugs
  12 orcs
  8 ball pythons
  7 endoplasms
  5 giant cockroaches
  7 goblins
  3 hobgoblins
  16 kobolds
  2 quokkas
  7 bats
  8 frilled lizards
  11 rats
180 creatures vanquished.

Vanquished Creatures (others)
  5 fungi (D:8)
  34 plants
39 creatures vanquished.

Grand Total: 219 creatures vanquished

Notes
Turn   | Place    | Note
-------+----------+-------------------------------------------
     0 | Abyss:1  | purpskrrrp the Ogre Abyssal Knight began the quest for the
                  | Orb.
     0 | Abyss:1  | Reached XP level 1. HP: 24/24 MP: 2/2
    67 | Abyss:1  | Noticed an efreet
    71 | D:1      | Escaped the Abyss
   108 | D:1      | Reached ** piety under Lugonu
   119 | D:1      | Reached XP level 2. HP: 22/32 MP: 3/3
   250 | D:1      | Found a faded altar of an unknown god.
   579 | D:1      | Reached XP level 3. HP: 40/40 MP: 4/4
   941 | D:1      | Reached skill level 1 in Unarmed Combat
  2366 | D:3      | Found a shadowy altar of Dithmenos.
  2452 | D:3      | Reached XP level 4. HP: 3/49 MP: 4/6
  2452 | D:3      | HP: 2/49 [poisoned by an adder]
  2454 | D:3      | Gained mutation: You occasionally shout uncontrollably at
                  | your foes. [potion of mutation]
  2454 | D:3      | Gained mutation: Your magical capacity is low. (-10% MP)
                  | [potion of mutation]
  2454 | D:3      | Gained mutation: You have large cloven feet. [potion of
                  | mutation]
  3223 | D:3      | Noticed a scorpion
  3230 | D:3      | Killed a scorpion
  3230 | D:3      | Reached *** piety under Lugonu
  3231 | D:3      | Reached XP level 5. HP: 54/55 MP: 6/6
  3481 | D:4      | Reached skill level 5 in Fighting
  3774 | D:4      | Reached XP level 6. HP: 66/66 MP: 7/7
  3781 | D:4      | Found a staircase to the Ecumenical Temple.
  4064 | D:4      | Found a bloodstained altar of Trog.
  4406 | D:5      | Entered Level 5 of the Dungeon
  4431 | D:5      | Noticed a water moccasin
  4446 | D:5      | Killed a water moccasin
  4447 | D:5      | Reached XP level 7. HP: 64/74 MP: 9/9
  4646 | D:5      | Reached skill level 6 in Fighting
  4937 | D:5      | Reached XP level 8. HP: 82/84 MP: 10/10
  4982 | D:5      | Noticed Eustachio
  4991 | D:5      | Killed Eustachio
  4992 | D:5      | Reached skill level 1 in Armour
  5059 | D:5      | Reached skill level 1 in Throwing
  5619 | D:6      | Found a glowing drain.
  5629 | D:6      | Reached **** piety under Lugonu
  5641 | Sewer    | Entered a sewer
  5731 | Sewer    | Noticed Pargi
  5747 | Sewer    | Killed Pargi
  5748 | Sewer    | Reached skill level 5 in Invocations
  6004 | D:5      | Reached skill level 7 in Fighting
  6009 | D:5      | Reached XP level 9. HP: 74/93 MP: 9/11
  6436 | D:6      | Reached skill level 5 in Maces & Flails
  6469 | D:6      | Noticed Pikel
  6476 | D:6      | Killed Pikel
  6484 | D:6      | Reached skill level 5 in Dodging
  7328 | D:6      | Noticed Prince Ribbit
  7374 | D:6      | Killed Prince Ribbit
  7805 | D:6      | Lost mutation: You have large cloven feet. [potion of
                  | mutation]
  7805 | D:6      | Lost mutation: Your magical capacity is low. (-10% MP)
                  | [potion of mutation]
  7805 | D:6      | Lost mutation: You occasionally shout uncontrollably at
                  | your foes. [potion of mutation]
  7805 | D:6      | Gained mutation: You have large cloven feet. [potion of
                  | mutation]
  7805 | D:6      | Gained mutation: You are strong-willed. (Will+) [potion of
                  | mutation]
  8065 | D:7      | Reached XP level 10. HP: 88/104 MP: 12/14
  8179 | D:7      | Reached skill level 8 in Fighting
  8513 | D:7      | Reached ***** piety under Lugonu
  8713 | D:7      | Noticed Menkaure
  8717 | D:7      | Killed Menkaure
 10454 | D:8      | Found a broken altar of Ashenzari.
 10454 | D:8      | Found a sparkling altar of Nemelex Xobeh.
 10460 | D:8      | Found a white marble altar of Elyvilon.
 10461 | D:8      | Found an ancient bone altar of Kikubaaqudgha.
 10463 | D:8      | Found a radiant altar of Vehumet.
 10464 | D:8      | Found an iron altar of Okawaru.
 10470 | D:8      | Found a shimmering blue altar of Sif Muna.
 10472 | D:8      | Found a basalt altar of Yredelemnul.
 11034 | D:8      | Noticed a two-headed ogre
 11038 | D:8      | Reached skill level 5 in Unarmed Combat
 11039 | D:8      | HP: 1/84 [centaur (4)]
 11040 | D:8      | Slain by a wight

Illustrated notes

Levels and vault maps discovered:
D:1:      amcnicky_arrival_flooded_fountain, layout_rooms,
          ebering_ecumenical_altar_hall, minmay_misc_feat_rugged,
          corner_web_ring, minivault_19, st_stairs_5, hangedman_decor_push,
          hangedman_decor_peaks_small
D:2:      layout_loops_corners, minmay_octomino_e4
D:3:      wad_lake_hut, layout_basic, nicolae_overflow_crystal_walls,
          grunt_ministairs_2
D:4:      layout_loops_ring, mainiacjoe_overflow_small_starburst,
          minmay_temple_entry_arrows, serial_park_tiny_1
D:5:      minmay_spotlight, layout_basic, uniq_eustachio
D:6:      layout_cave_pools, serial_bayou, serial_bayou_ford_a,
          serial_bayou_pond_b, serial_bayou_shore_a, serial_bayou_lagoon_b,
          portal_sewer_entry_f, uniq_prince_ribbit1, uniq_pikel
D:7:      layout_basic, uniq_menkaure
D:8:      layout_basic, fedhas_altar_3, nicolae_overflow_hallway_of_the_gods,
          serial_rivers, chequers_serial_rivers_micro_a,
          chequers_serial_rivers_marsh, chequers_serial_rivers_small_a,
          chequers_serial_rivers_small_b, minmay_misc_feat_x, uniq_psyche

Skill      XL: |  1  2  3  4  5  6  7  8  9 10 |
---------------+-------------------------------+-----
Maces & Flails | 2 3 4 6 |  6.6
Unarmed Combat | 1 2 3 4 5 |  5.0
Invocations    | 3 4 5 6 |  6.5
Fighting       | 5 6 7 8 |  8.4
Dodging        | 3 4 5 |  5.5
Armour         | 2 4 |  4.8
Throwing       | 2 3 4 |  4.0

Action                   |  1- 3 |  4- 6 |  7- 9 | 10-12 || total
-------------------------+-------+-------+-------+-------++-------
Melee: Mace              |   134 |    76 |    73 |       ||   283
       Punch             |     1 |       |       |       ||     1
       Kick              |       |    16 |    51 |    30 ||    97
       Giant spiked club |       |       |   181 |   149 ||   330
Throw: Large rock        |       |    17 |    16 |     4 ||    37
       Dart              |       |     1 |       |     3 ||     4
       Throwing net      |       |       |       |     2 ||     2
Invok: Depart the Abyss  |     1 |       |       |       ||     1
Evoke: Wand              |       |     2 |       |     6 ||     8
  Use: Scroll            |     3 |     3 |     8 |     8 ||    22
       Potion            |       |     5 |     1 |     2 ||     8
 Stab: Sleeping          |     1 |       |       |       ||     1
Armor: Robe              |    71 |     3 |       |       ||    74
       Gold dragon scale |       |    57 |   389 |   201 ||   647
Dodge: Dodged            |   101 |    10 |    78 |    73 ||   262

Table legend: (Time is in decaauts)
 A = Elapsed time spent in this place.
 B = Non-inter-level travel time spent in this place.
 C = Inter-level travel time spent in this place.
 D = Time resting spent in this place.
 E = Time spent auto-exploring this place.
 F = Levels seen in this place.
 G = Mean time per level.
                   A        B        C        D        E       F      G
               +--------+--------+--------+--------+--------+-----+--------+
         Total |  11454 |  11325 |    129 |   2492 |   6660 |  10 | 1145.4 |
       Dungeon |  11018 |  10889 |    129 |   2492 |   6413 |   8 | 1377.2 |
         Abyss |     71 |     71 |      0 |      0 |     68 |   1 |   71.0 |
         Sewer |    365 |    365 |      0 |      0 |    179 |   1 |  365.0 |
               +--------+--------+--------+--------+--------+-----+--------+

Top non-repeatable levels by time:
     D:7: 2276 daAuts
     D:6: 2007 daAuts
     D:3: 1598 daAuts
     D:5: 1515 daAuts
     D:1: 1058 daAuts
     D:4: 965 daAuts
     D:2: 815 daAuts
     D:8: 782 daAuts
   Sewer: 365 daAuts
 Abyss:1: 71 daAuts
